 Dungeon Crawl Stone Soup version 0.29-a0-284-gf9362112df (webtiles) character file.

Game seed: 8149997437772688579

1594 ders the Digger (level 8, 0/72 HPs)
             Began as a Gargoyle Earth Elementalist on Mar 23, 2022.
             Was an Initiate of Vehumet.
             Slain by a killer bee (5 damage)
             ... on level 7 of the Dungeon.
             The game lasted 00:07:18 (6942 turns).

ders the Digger (Gargoyle Earth Elementalist)       Turns: 6942, Time: 00:07:18

Health: 0/72       AC: 24    Str: 13    XL:     8   Next: 93%
Magic:  8/16       EV:  2    Int: 23    God:    Vehumet [......]
Gold:   320        SH:  0    Dex: 10    Spells: 12/18 levels left

rFire   . . .      SeeInvis .   v - +4 flail (venom)
rCold   + . .      Faith    .   (no shield)
rNeg    + . .      Spirit   .   (body armour currently unavailable)
rPois   ∞          Reflect  .   (helmet currently unavailable)
rElec   .          Harm     .   (cloak currently unavailable)
rCorr   .          Rampage  .   (gloves currently unavailable)
Will    .....      NoTele   +   (boots currently unavailable)
Stlth   ++........              (no amulet)
HPRegen 0.22/turn               y - +6 ring of intelligence
MPRegen 0.15/turn               k - ring of protection from cold

@: tree-form
A: stationary, stasis, torment immunity, boosted hp, sickness immunity, AC +5,
negative energy resistance 1, (electricity resistance), torment resistance 1,
petrification resistance
a: Renounce Religion


You were on level 7 of the Dungeon.
You worshipped Vehumet.
Vehumet was noncommittal.
You were a tree.
You visited 2 branches of the dungeon, and saw 8 of its levels.

You collected 320 gold pieces.

Inventory:

Hand Weapons
 d - a +0 hunting sling
 e - a +0 dagger
 v - a +4 flail of venom (weapon)
Missiles
 a - 355 stones
 o - a throwing net
Armour
 b - a +0 robe (melded)
 q - a +0 helmet (melded)
Jewellery
 i - a ring of positive energy
 k - a ring of protection from cold (right branch)
 y - a +6 ring of intelligence (left branch)
Wands
 A - a wand of mindburst (14)
Scrolls
 f - a scroll of torment {unknown}
 h - 2 scrolls of enchant armour {unknown}
 j - 5 scrolls of identify {unknown}
 n - a scroll of magic mapping {unknown}
 p - a scroll of immolation {unknown}
 t - 2 scrolls of blinking {unknown}
 u - 3 scrolls of teleportation
 w - a scroll of summoning {unknown}
 x - a scroll of fear {unknown}
 B - a scroll of noise {unknown}
 D - a scroll of enchant weapon {unknown}
Potions
 c - a potion of magic
 g - 4 potions of lignification
 l - a potion of degeneration {unknown}
 m - a potion of haste {unknown}
 r - a potion of berserk rage {unknown}
 s - 2 potions of cancellation {unknown}
 z - 2 potions of invisibility {unknown}
 C - a potion of curing


   Skills:
 + Level 3.7 Fighting
 - Level 1.5 Dodging
 - Level 2.1 Stealth
 * Level 5.6 Spellcasting
 * Level 6.1 Conjurations
 + Level 1.5 Translocations
 - Level 0.7 Transmutations
 * Level 7.9 Earth Magic


You had 12 spell levels left.
You knew the following spells:

 Your Spells              Type           Power      Damage    Failure   Level
a - Sandblast             Erth           84%        2d18      1%          1
b - Stone Arrow           Conj/Erth      76%        3d11      1%          3
c - Blink                 Tloc           26%        N/A       7%          2

Your spell library contained the following spells:

 Spells                   Type           Power      Damage    Failure   Level
 Shock                    Conj/Air       80%        1d8       2%          1
 Passwall                 Tmut/Erth      21%        N/A       2%          2
 Pain                     Necr           24%        1d5       9%          1
 Lesser Beckoning         Tloc           13%        N/A       14%         3
 Teleport Other           Tloc           13%        N/A       14%         3
 Petrify                  Tmut/Erth      26%        N/A       16%         4
 Swiftness                Air            6%         N/A       26%         3
 Airstrike                Air            3%         N/A       65%         4
 Manifold Assault         Tloc           13%        N/A       78%         5
 Agony                    Necr           6%         N/A       94%         5
 Excruciating Wounds      Necr           3%         N/A       94%         5
 Monstrous Menagerie      Summ           3%         N/A       100%        7


Dungeon Overview and Level Annotations

Branches:
Dungeon (7/15)             Temple (1/1) D:5

Altars:
Ashenzari
Cheibriados
Dithmenos
Elyvilon
Gozag
Hepliaklqana
Qazlal
Ru
Sif Muna
Trog
Uskayaw
Vehumet
Xom
Yredelemnul
Zin
The Shining One

Shops:
D:2 [


Innate Abilities, Weirdness & Mutations

You are a tree.
Your roots penetrate the ground, keeping you stationary.
You cannot be teleported.
You are immune to unholy pain and torment.
Your maximum health is greatly increased.
Your equipment is partially melded.
You are immune to sickness and miasma.
((Your stone body is resilient. (AC +5)))
You are immune to poison.
You resist negative energy. (rN+)
((You are resistant to electric shocks. (rElec)))
You are resistant to unholy torment.
You are immune to petrification.


Message History

There's nothing to open nearby.
You feel better.
You feel stable enough to blink again.
The killer bee stings you but does no damage.
The killer bee stings you.
* * * LOW HITPOINT WARNING * * *
The killer bee stings you but does no damage. x4
Casting: Blink (safe; 8% risk of failure)
Confirm with . or Enter, or press ? or * to list all spells.
Aiming: Stone Arrow (safe; 1% risk of failure)
Press: ? - help, Shift-Dir - straight line, f/p - killer bee
Aim: a killer bee (48% to hit)
The stone arrow hits the killer bee!
The killer bee is severely wounded.
The killer bee stings you but does no damage. x2
The killer bee stings you.
* * * LOW HITPOINT WARNING * * *
The killer bee stings you but does no damage. x3
Unknown command.
Casting: Stone Arrow (safe; 1% risk of failure)
Confirm with . or Enter, or press ? or * to list all spells.
Aiming: Stone Arrow (safe; 1% risk of failure)
Press: ? - help, Shift-Dir - straight line, f/p - killer bee
Aim: a killer bee (severely wounded, 48% to hit)
The stone arrow hits the killer bee!
You kill the killer bee!
Vehumet accepts your kill.
The killer bee stings you but does no damage. x2
The killer bee stings you.
* * * LOW HITPOINT WARNING * * *
Unknown command.
Casting: Stone Arrow (safe; 1% risk of failure)
Confirm with . or Enter, or press ? or * to list all spells.
Aiming: Stone Arrow (safe; 1% risk of failure)
Press: ? - help, Shift-Dir - straight line, f - killer bee
Aim: a killer bee (48% to hit)
The stone arrow misses the killer bee.
The killer bee stings you but does no damage. x2
The killer bee stings you.
You die...

######### ###
.###########...........
.............#######.#
#####..#......####..#
#.........♣y.††#
#.#######yy#.###
#....#.......# #
#....#.......###### #
#.#########.......###### #
#......#.......##......####
#..#...#...................
##..#########....##########
#.......#.......# #


You could see 3 killer bees.

Vanquished Creatures
  Sigmund (D:4)
  Menkaure (D:4)
  An ice beast (D:6)
  A sky beast (D:6)
  2 black bears
  An ogre (D:5)
  A phantom (D:6)
  2 scorpions
  3 killer bees (D:7)
  3 howler monkeys
  4 hounds
  3 jellies
  A gnoll shaman (D:5)
  An iguana (D:6)
  5 adders
  A shadow imp (D:5)
  3 white imps
  2 dart slugs
  9 orcs
  3 bats
  7 endoplasms
  2 giant cockroaches
  13 goblins
  9 hobgoblins
  4 jackals (D:3)
  7 kobolds
  4 quokkas
  3 ball pythons
  6 frilled lizards
  3 rats (D:1)
106 creatures vanquished.

Notes
Turn   | Place    | Note
-------+----------+-------------------------------------------
     0 | D:1      | ders the Gargoyle Earth Elementalist began the quest for
                  | the Orb.
     0 | D:1      | Reached XP level 1. HP: 10/10 MP: 3/3
   206 | D:1      | Found a faded altar of an unknown god.
   216 | D:1      | Reached XP level 2. HP: 15/15 MP: 5/5
   242 | D:1      | Reached skill level 1 in Conjurations
   367 | D:1      | Reached skill level 4 in Earth Magic
   565 | D:1      | Reached XP level 3. HP: 19/19 MP: 4/6
  1039 | D:2      | You fall into a shaft and drop 1 floor!
  1253 | D:3      | Learned a level 3 spell: Stone Arrow
  1409 | D:2      | Found Zulleem's Armour Boutique.
  2025 | D:3      | Reached XP level 4. HP: 18/24 MP: 1/8
  2558 | D:4      | Noticed Sigmund
  2566 | D:4      | Killed Sigmund
  2567 | D:4      | Reached skill level 1 in Fighting
  2567 | D:4      | Reached skill level 5 in Earth Magic
  2567 | D:4      | Reached XP level 5. HP: 29/29 MP: 0/10
  2567 | D:4      | Reached XP level 6. HP: 34/34 MP: 0/11
  2683 | D:4      | Noticed Menkaure
  2686 | D:4      | Killed Menkaure
  3130 | D:4      | Learned a level 2 spell: Blink
  3294 | D:4      | Found a sacrificial altar of Ru.
  3356 | D:4      | Reached skill level 6 in Earth Magic
  3356 | D:4      | Reached XP level 7. HP: 39/39 MP: 3/13
  3905 | D:5      | Entered Level 5 of the Dungeon
  4536 | D:5      | Found a staircase to the Ecumenical Temple.
  4552 | D:5      | Got the Disquisition on Creative Translocation
  4562 | Temple   | Entered the Ecumenical Temple
  4831 | Temple   | Became a worshipper of Vehumet
  5711 | D:6      | Reached skill level 5 in Conjurations
  5711 | D:6      | Reached XP level 8. HP: 45/45 MP: 5/15
  5960 | D:6      | Reached skill level 7 in Earth Magic
  6002 | D:6      | Reached skill level 5 in Spellcasting
  6508 | D:6      | Reached skill level 1 in Translocations
  6937 | D:7      | HP: 3/70 [killer bee (7)]
  6942 | D:7      | Slain by a killer bee

Illustrated notes

Levels and vault maps discovered:
D:1:      saegor_arrival_simple_d, layout_basic,
          dreamdust_ecumenical_altar_grove
D:2:      kennysheep_the_goblin_king, layout_basic, serial_shops, shop,
          amethyst_killhole
D:3:      layout_basic
D:4:      layout_basic, nicolae_ru_path_of_blood, uniq_sigmund, uniq_menkaure
D:5:      layout_cave_pods, minmay_temple_entry_junction,
          minmay_misc_feat_doors, st_stairs_8
D:6:      layout_loops_corners
D:7:      layout_rooms, mainiacjoe_overflow_chevrons,
          hangedman_abyss_or_decor_stagger, minivault_11
Temple:   mainiacjoe_temple_big_plus

Skill      XL: |  1  2  3  4  5  6  7  8 |
---------------+-------------------------+-----
Conjurations   | 1 2 3 4 5 6 |  6.1
Earth Magic    | 4 5 6 7 |  7.9
Spellcasting   | 3 4 5 |  5.6
Fighting       | 1 2 3 |  3.7
Translocations | 1 |  1.5
Dodging        | |  1.5
Stealth        | |  2.1
Transmutations | |  0.7

Action                   |  1- 3 |  4- 6 |  7- 9 || total
-------------------------+-------+-------+-------++-------
Melee: Flail             |       |     6 |    20 ||    26
 Fire: Hunting sling     |    75 |    11 |       ||    86
 Cast: Sandblast         |    41 |     8 |       ||    49
       Stone Arrow       |     1 |    16 |    59 ||    76
       Blink             |       |       |     1 ||     1
  Use: Potion            |       |       |     4 ||     4
       Scroll            |       |       |     1 ||     1
 Stab: Sleeping          |       |       |     1 ||     1
Armor: Robe              |    25 |     5 |    12 ||    42
       Skin              |       |       |    18 ||    18
Dodge: Dodged            |    21 |     4 |    29 ||    54

Table legend: (Time is in decaauts)
 A = Elapsed time spent in this place.
 B = Non-inter-level travel time spent in this place.
 C = Inter-level travel time spent in this place.
 D = Time resting spent in this place.
 E = Time spent auto-exploring this place.
 F = Levels seen in this place.
 G = Mean time per level.
                   A        B        C        D        E       F      G
               +--------+--------+--------+--------+--------+-----+--------+
         Total |   6991 |   6808 |    183 |    227 |   5960 |   8 |  873.9 |
       Dungeon |   6692 |   6570 |    122 |    227 |   5727 |   7 |  956.0 |
        Temple |    299 |    238 |     61 |      0 |    233 |   1 |  299.0 |
               +--------+--------+--------+--------+--------+-----+--------+

Top non-repeatable levels by time:
     D:4: 1571 daAuts
     D:6: 1289 daAuts
     D:5: 1222 daAuts
     D:3: 849 daAuts
     D:1: 769 daAuts
     D:2: 762 daAuts
  Temple: 299 daAuts
     D:7: 228 daAuts
